 Dungeon Crawl Stone Soup version 0.18.1-8-gdd0e5ea (console) character file.

129 2d6 the Ducker (level 4, -5/35 HPs)
             Began as a Demigod Wanderer on May 23, 2016.
             Slain by Zeloya's ghost (7 damage)
             ... on level 3 of the Dungeon.
             The game lasted 00:18:50 (2829 turns).

2d6 the Ducker (Demigod Wanderer)                   Turns: 2829, Time: 00:18:51

Health: -5/35      AC:  2    Str: 11 (12) XL:     4   Next: 58%
Magic:  10/19      EV: 19    Int: 19      God:
Gold:   92         SH:  0    Dex: 22      Spells: 3 memorised, 4 levels left

rFire  . . .     SeeInvis .     x - +0 quarterstaff
rCold  . . .     Gourm    .     d - +0 robe
rNeg   + . .     Faith    .     (shield currently unavailable)
rPois  .         Spirit   .     (no helmet)
rElec  .         Dismiss  .     (no cloak)
rCorr  .         Reflect  .     (no gloves)
SustAt +         Harm     .     (no boots)
MR     .....                    (no amulet)
Stlth  +++.......               u - ring of magical power
                                r - ring of positive energy

@: agile, not resistant to hostile enchantments, fairly stealthy
A: high mp 1, sustain attributes
a: no special abilities


You were on level 3 of the Dungeon.
You were hungry.

You visited 1 branch of the dungeon, and saw 3 of its levels.

You collected 92 gold pieces.

Inventory:

Hand Weapons
 e - a +0 dagger
 o - a +0 short sword
 x - a +0 quarterstaff (weapon)
Missiles
 j - 135 stones (quivered)
Armour
 d - a +0 robe (worn)
Jewellery
 n - an uncursed amulet of guardian spirit
 r - a ring of positive energy (left hand)
 t - a -3 ring of intelligence
 u - a ring of magical power (right hand)
Scrolls
 m - a scroll of remove curse
 p - 2 scrolls of blinking
Potions
 g - a potion of agility
 h - a potion of degeneration
Books
 a - a book of Frost

   Spells                             Type                      Level
   a - Freeze                         Ice                          1
   b - Throw Frost                    Conjuration/Ice              2
   c - Ozocubu's Armour               Charms/Ice                   3
   d - Throw Icicle                   Conjuration/Ice              4
   e - Summon Ice Beast               Ice/Summoning                4
 b - the Grimoire of Summoning

   Spells                             Type                      Level
   a - Summon Small Mammal            Summoning                    1
   b - Recall                         Summoning/Translocation      3
 c - the Compendium of Necromancy

   Spells                             Type                      Level
   a - Animate Skeleton               Necromancy                   1
   b - Regeneration                   Charms/Necromancy            3
Comestibles
 f - 2 bread rations
 i - 2 royal jellies
 k - a meat ration


   Skills:
 - Level 1.0 Fighting
 - Level 1.0 Throwing
 + Level 2.7 Dodging
 - Level 2.6 Spellcasting
 - Level 1.0 Conjurations
   Level 1.0 Hexes
 + Level 2.4 Summonings
   Level 1.0 Translocations
 - Level 2.0 Ice Magic
   Level 1.0 Evocations


You had 4 spell levels left.
You knew the following spells:

 Your Spells              Type           Power        Failure   Level  Hunger
a - Freeze                Ice            ##..         10%         1    None
b - Summon Small Mammal   Summ           ##..         8%          1    None
c - Throw Frost           Conj/Ice       #.....       14%         2    ##.....


Dungeon Overview and Level Annotations

Branches:
Dungeon (3/15)

Annotations:
D:2 Sigmund
D:3 Robin; Zeloya's ghost, amateur KoGl


Innate Abilities, Weirdness & Mutations

You have an increased reservoir of magic (+10% MP).
Your attributes are resistant to harm.


Message History

The goblin no longer looks unusually strong.
The orc wizard gestures wildly while chanting.
The orc wizard blinks!
Robin roars a battlecry!
The goblins go into a battle-frenzy!
Zeloya's ghost closely misses you.
The orc wizard mumbles some strange words.
The orc wizard blinks!
The hobgoblin misses you.
You hit Zeloya's ghost but do no damage.
Zeloya's ghost is almost destroyed.
Zeloya's ghost closely misses you. The hobgoblin misses you.
Zeloya's ghost hits you.
* * * LOW HITPOINT WARNING * * *
You closely miss Zeloya's ghost.
Zeloya's ghost is almost destroyed.
The hobgoblin closely misses you. Zeloya's ghost completely misses you.
You hit Zeloya's ghost but do no damage.
Zeloya's ghost is almost destroyed.
The hobgoblin misses you. Zeloya's ghost hits you!
You die... ### #. #.... ..# ## #.... #.# #. #######.##.... ###.### #. .>.)... ...... .goo. #. ..# ##.... ggg #. ..# ##.##.... #ยง# #. ..# .......$o.#######g# #. (.##.... #.>.ggW@gogog#

#. ..#...#
##.###########
#. .W.# #.
#..# #. #..# #
#. #.#...#
##.##. #.##$.#
#...<.
#.##..#.#
#.###.
#<......# #.


You could see Robin, an orc wizard, Zeloya's ghost, 2 orcs, a hobgoblin and 4
goblins.

Vanquished Creatures
  Ijyb (D:2)
  3 adders (D:3)
  2 oozes
  2 dart slugs
  A giant gecko (D:3)
  An orc (D:3)
  A giant cockroach (D:1)
  10 goblins
  10 hobgoblins
  A jackal (D:2)
  2 quokkas (D:3)
  5 bats
  2 giant newts (D:1)
  5 kobolds
  4 rats
50 creatures vanquished.

Vanquished Creatures (collateral kills)
  An ooze (D:1)
  A bat (D:2)
  A goblin (D:1)
  A hobgoblin (D:1)
  A jackal (D:2)
  2 rats
7 creatures vanquished.

Grand Total: 57 creatures vanquished

Notes
Turn   | Place    | Note
--------------------------------------------------------------
     0 | D:1      | 2d6 the Demigod Wanderer began the quest for the Orb.
     0 | D:1      | 2d6 set off with: a book of Frost, the Grimoire of Summoning, the Compendium of Necromancy, a +0 robe, a +0 dagger, a bread ration
     0 | D:1      | Reached XP level 1. HP: 14/14 MP: 6/6
     0 | D:1      | Identified the Grimoire of Summoning
     0 | D:1      | Identified the Compendium of Necromancy
     2 | D:1      | Learned a level 1 spell: Freeze
     4 | D:1      | Learned a level 1 spell: Summon Small Mammal
   277 | D:1      | Reached skill level 1 in Dodging
   277 | D:1      | Reached XP level 2. HP: 8/22 MP: 1/8
   712 | D:1      | Reached skill level 1 in Fighting
  1085 | D:1      | Reached XP level 3. HP: 28/28 MP: 7/9
  1089 | D:1      | Learned a level 2 spell: Throw Frost
  1567 | D:2      | Noticed Sigmund
  2301 | D:3      | Reached skill level 1 in Conjurations
  2301 | D:3      | Reached XP level 4. HP: 35/35 MP: 10/10
  2429 | D:3      | Noticed Zeloya's ghost (amateur KoGl)
  2457 | D:2      | Noticed Ijyb
  2459 | D:2      | Found a basalt altar of Yredelemnul.
  2459 | D:2      | Found a sacrificial altar of Ru.
  2460 | D:2      | Found a shattered altar of Ashenzari.
  2482 | D:2      | Killed Ijyb
  2777 | D:3      | Noticed Robin
  2829 | D:3      | Slain by Zeloya's ghost

Skill      XL: |  1  2  3  4 |
---------------+-------------+-----
Dodging        | 1 2 |  2.7
Fighting       | 1 |  1.0
Ice Magic      | 2 |  2.0
Conjurations   | 1 |  1.0
Summonings     | 2 |  2.4
Throwing       | |  1.0
Spellcasting   | |  2.6
Hexes          | |  1.0
Translocations | |  1.0
Evocations     | |  1.0

Action                   |  1- 3 |  4- 6 || total
-------------------------+-------+-------++-------
Melee: Dagger            |    20 |       ||    20
       Quarterstaff      |       |    29 ||    29
Throw: Stone             |     2 |       ||     2
 Cast: Freeze            |    63 |    36 ||    99
       Summon Small Mamm |    12 |    10 ||    22
       Throw Frost       |    12 |     1 ||    13
  Use: Scroll            |     2 |     4 ||     6
       Potion            |       |     6 ||     6
 Stab: Sleeping          |     1 |       ||     1
  Eat: Chunk             |     5 |     1 ||     6
Armor: Robe              |    10 |     4 ||    14
       Skin              |       |    55 ||    55
Dodge: Dodged            |    64 |    47 ||   111

Vault maps used:
D:1:      minmay_arrival_split_and_join, glass_columns_a
D:2:      gammafunk_temple_overflow_claw, uniq_sigmund, uniq_iyjb, uniq_terence
D:3:      uniq_jessica, uniq_robin
